 Dungeon Sprint DCSS version 0.26-a0-690-gcb57259078 (webtiles) character file.

Game seed: 13709205915208684928

8301 mhtbhm the Fencer (level 11, -4/100 HPs)
             Began as a Barachi Fighter on Oct 24, 2020.
             Was the Champion of Trog.
             Killed from afar by Erolcha (24 damage)
             ... with a crystal spear
             ... in the Dungeon (Sprint IX: "|||||||||||||||||||||||||||||").
             The game lasted 00:02:57 (1398 turns).

mhtbhm the Fencer (Barachi Fighter)                 Turns: 1398, Time: 00:02:57

Health: -4/100     AC: 19    Str: 25    XL:     11   Next: 28%
Magic:  11/11      EV: 11    Int: 11    God:    Trog [******]
Gold:   35         SH: 13    Dex: 11    Spells: 10/10 levels left

rFire    . . .     SeeInvis .   a - +4 scimitar (flame)
rCold    . . .     Faith    .   c - +0 kite shield
rNeg     . . .     Spirit   .   b - +1 chain mail
rPois    .         Reflect  .   (no helmet)
rElec    .         Harm     .   w - +0 cloak {MR+}
rCorr    .         Rampage  .   n - +0 pair of gloves
MR       +....     NoTele   +   v - +0 pair of boots
Stlth    ..........             (no amulet)
HPRegen  0.26/turn              p - +3 ring of intelligence
MPRegen  0.12/turn              q - +3 ring of strength

@: slow
A: +LOS, swims, slowness 1, strong legs 1
a: Hop, Berserk, Trog's Hand, Brothers in Arms, Renounce Religion


You were in the Dungeon.
You worshipped Trog.
Trog was exalted by your worship.
You visited 1 branch You collected 35 gold pieces.

Inventory:

Hand Weapons
 a - a +4 scimitar of flaming (weapon)
Armour
 b - a +1 chain mail (worn)
 c - a +0 kite shield (worn)
 n - a +0 pair of gloves (worn)
 v - a +0 pair of boots (worn)
 w - a +0 cloak of magic resistance (worn)
Jewellery
 p - a +3 ring of intelligence (left hand)
 q - a +3 ring of strength (right hand)
Wands
 m - a wand of acid (10)
 x - a wand of paralysis (6)
 y - a wand of digging (4)
Scrolls
 j - 3 scrolls of blinking
 l - 3 scrolls of remove curse
 s - 2 scrolls of enchant weapon
 t - 2 scrolls of fog
 u - 2 scrolls of enchant armour
Potions
 d - a potion of might
 e - a potion of invisibility
 f - 7 potions of heal wounds
 g - 3 potions of haste
 h - 4 potions of magic
 i - a potion of berserk rage
 k - 2 potions of curing
 r - a potion of stabbing


   Skills:
 + Level 14.3 Fighting
 + Level 18.0 Long Blades
 + Level 14.6 Armour
 + Level 7.1 Dodging
 + Level 1.8 Stealth
 + Level 13.1 Shields


You had 10 spell levels left.
You didn't know any spells.
Your spell library was empty.

Dungeon Overview and Level Annotations

Branches:
Dungeon (1/1)

Altars:
Cheibriados
Dithmenos
Elyvilon
Fedhas
Gozag
Hepliaklqana
Kikubaaqudgha
Makhleb
Nemelex Xobeh
Okawaru
Qazlal
Ru
Sif Muna
Trog
Uskayaw
Vehumet
Wu Jian
Xom
Yredelemnul
Zin
The Shining One
Beogh
Jiyva
Lugonu

Annotations:
D Erolcha


Innate Abilities, Weirdness & Mutations

You can be seen from farther away. (+LOS)
You can swim through water.
You cover ground slowly.
You can hop short distances.


Message History

Things that are here:
a +2 scimitar of flaming; a runed scimitar {god gift} You start resting.
You recover from your berserk rage.
You start resting.
You see here a +2 robe.
Erolcha the Cunning comes into view.
She is wielding a +0 giant spiked club.
Erolcha casts a spell at you. You resist with almost no effort.
Erolcha casts a spell at you. The bolt of cold hits you!
Erolcha casts a spell at you. The crystal spear hits you!!!
Ouch! That really hurt!
* * * LOW HITPOINT WARNING * * *
You slash Erolcha! You burn Erolcha.
Erolcha is moderately wounded.
Erolcha casts a spell at you. The crystal spear hits you!!
You die...

▓.▓.▓'▓.▓
▓.▓.▓.▓.▓
▓.▓.▓.▓.▓
▓)▓.▓.▓.▓
▓†▓.▓.▓.▓
▓.▓.▓.▓.▓
▓.▓.▓[▓.▓
▓.▓.▓|▓O▓
▓.▓.▓.▓@▓
▓'▓.▓.▓.▓
▓_▓.▓.▓.▓
▓_▓.▓.▓.▓
▓_▓.▓.▓.▓
▓_▓.▓.▓.▓
▓_▓.▓†▓.▓
▓_▓.▓.▓.▓
▓_▓.▓.▓.▓


You could see Erolcha.

Vanquished Creatures
  3 hydras (D)
  A boulder beetle (D)
  Erica (D)
  2 lindwurms (D)
  An elephant (D)
  Maurice (D)
  A cane toad (D)
  2 rime drakes (D)
  3 tyrant leeches (D)
  2 blink frogs (D)
  A wraith (D)
  A wyvern (D)
  A yak (D)
  A basilisk (D)
  3 water moccasins (D)
  A black bear (D)
  8 bullfrogs (D)
  A wight (D)
  A hound (D)
  A jelly (D)
  2 adders (D)
  A shadow imp (D)
  3 worms (D)
  A dart slug (D)
  2 orcs (D)
  A ball python (D)
  A bat skeleton (D)
  A giant cockroach (D)
  A bat (D)
  A rat (D)
50 creatures vanquished.

Notes
Turn   | Place    | Note
-------+----------+-------------------------------------------
     0 | D        | mhtbhm the Barachi Fighter began the quest for the Orb.
     0 | D        | Reached XP level 1. HP: 18/18 MP: 1/1
    15 | D        | Reached XP level 2. HP: 24/26 MP: 2/2
    40 | D        | Reached skill level 5 in Fighting
    40 | D        | Reached skill level 4 in Long Blades
    40 | D        | Reached skill level 5 in Armour
    40 | D        | Reached XP level 3. HP: 30/34 MP: 3/3
    45 | D        | Reached skill level 5 in Shields
    58 | D        | Reached XP level 4. HP: 9/40 MP: 4/4
    65 | D        | Found a roughly hewn altar of Beogh.
    65 | D        | Found a snail-covered altar of Cheibriados.
    65 | D        | Found a shadowy altar of Dithmenos.
    65 | D        | Found a white marble altar of Elyvilon.
    65 | D        | Found a blossoming altar of Fedhas.
    65 | D        | Found an opulent altar of Gozag.
    65 | D        | Found a hazy altar of Hepliaklqana.
    66 | D        | Found a viscous altar of Jiyva.
    67 | D        | Found an ancient bone altar of Kikubaaqudgha.
    68 | D        | Found a corrupted altar of Lugonu.
    69 | D        | Found a burning altar of Makhleb.
    70 | D        | Found a sparkling altar of Nemelex Xobeh.
    71 | D        | Found an iron altar of Okawaru.
    72 | D        | Found a stormy altar of Qazlal.
    73 | D        | Found a sacrificial altar of Ru.
    74 | D        | Found a shimmering blue altar of Sif Muna.
    75 | D        | Found a bloodstained altar of Trog.
    76 | D        | Found a hide-covered altar of Uskayaw.
    77 | D        | Found a radiant altar of Vehumet.
    78 | D        | Found an ornate altar of the Wu Jian Council.
    79 | D        | Found a shimmering altar of Xom.
    80 | D        | Found a basalt altar of Yredelemnul.
    81 | D        | Found a glowing silver altar of Zin.
    82 | D        | Found a glowing golden altar of the Shining One.
    86 | D        | Became a worshipper of Trog the Wrathful
   259 | D        | Noticed a bullfrog
   259 | D        | Noticed a wraith
   265 | D        | Killed a bullfrog
   265 | D        | Reached skill level 6 in Long Blades
   265 | D        | Reached skill level 1 in Dodging
   265 | D        | Reached XP level 5. HP: 47/47 MP: 5/5
   267 | D        | Reached * piety under Trog
   287 | D        | Killed a wraith
   287 | D        | Reached skill level 9 in Long Blades
   287 | D        | Reached XP level 6. HP: 52/56 MP: 6/6
   290 | D        | Reached ** piety under Trog
   312 | D        | Noticed a five-headed hydra
   312 | D        | Noticed a four-headed hydra
   312 | D        | Noticed a boulder beetle
   312 | D        | Noticed a seven-headed hydra
   321 | D        | Killed a one-headed hydra
   321 | D        | Reached skill level 12 in Long Blades
   321 | D        | Reached XP level 7. HP: 65/65 MP: 7/7
   321 | D        | Reached XP level 8. HP: 72/72 MP: 8/8
   326 | D        | Killed a one-headed hydra
   326 | D        | Reached skill level 10 in Fighting
   326 | D        | Reached skill level 14 in Long Blades
   326 | D        | Reached skill level 10 in Armour
   326 | D        | Reached skill level 10 in Shields
   326 | D        | Reached XP level 9. HP: 79/79 MP: 9/9
   336 | D        | Killed a boulder beetle
   336 | D        | Reached *** piety under Trog
   336 | D        | Reached skill level 15 in Long Blades
   336 | D        | Reached skill level 5 in Dodging
   610 | D        | Killed a three-headed hydra
   610 | D        | Reached skill level 16 in Long Blades
   610 | D        | Reached skill level 1 in Stealth
   783 | D        | Reached XP level 10. HP: 88/88 MP: 10/10
   784 | D        | Reached **** piety under Trog
   802 | D        | Reached ***** piety under Trog
   852 | D        | Noticed a cane toad
   852 | D        | Noticed an elephant
   858 | D        | Received a gift from Trog
   863 | D        | Reached skill level 17 in Long Blades
   867 | D        | Killed a cane toad
   885 | D        | Killed an elephant
   903 | D        | Got a smouldering falchion {god gift}
   904 | D        | Identified the +0 falchion "Goblinbane" {vorpal, Int+2}
                  | (Trog gifted it to you in the Dungeon)
  1067 | D        | Noticed a lindwurm
  1067 | D        | Noticed a lindwurm
  1074 | D        | Killed a lindwurm
  1074 | D        | Received a gift from Trog
  1080 | D        | Killed a lindwurm
  1080 | D        | Reached XP level 11. HP: 98/98 MP: 11/11
  1108 | D        | Reached ****** piety under Trog
  1198 | D        | Noticed Maurice
  1213 | D        | Killed Maurice
  1214 | D        | Noticed Erica
  1229 | D        | Paralysed by something for 6 turns
  1238 | D        | Killed Erica
  1238 | D        | Received a gift from Trog
  1238 | D        | Reached skill level 18 in Long Blades
  1393 | D        | Noticed Erolcha
  1398 | D        | Killed from afar by Erolcha

Illustrated notes

Levels and vault maps discovered:
D:        linesprint [early_d, line_temple, items_1, d_10, items_2, lair_1,
          lair_end, items_3, orc_1, orc_end, items_4, d_15, swamp_1, shoals_1,
          snake_1, spider_1, d_20, vaults_1, items_5, swamp_end, shoals_end,
          snake_end, spider_end, vaults_end, d_27, items_6, zot_1, zot_end,
          crypt_end, forest_end, elf_end, slime_end, tomb_end, abyss_end,
          pan_hell_end]

Skill      XL: |  1  2  3  4  5  6  7  8  9 10 11 |
---------------+----------------------------------+-----
Fighting       | 4 5 6 8 9 10 11 13 14 | 14.3
Armour         | 4 5 6 8 9 10 12 14 | 14.6
Shields        | 4 5 6 7 9 10 11 12 13 | 13.1
Long Blades    | 4 6 9 12 14 16 17 18 | 18.0
Dodging        | 1 2 4 5 6 7 |  7.1
Stealth        | 1 |  1.8

Action                   |  1- 3 |  4- 6 |  7- 9 | 10-12 || total
-------------------------+-------+-------+-------+-------++-------
Melee: Long sword        |    34 |       |       |       ||    34
       Scimitar          |       |    39 |    28 |   119 ||   186
Invok: Berserk           |       |     1 |       |     3 ||     4
  Use: Potion            |       |     1 |       |     2 ||     3
       Scroll            |       |       |     1 |       ||     1
Armor: Scale mail        |    17 |       |       |       ||    17
       Chain mail        |       |    16 |    14 |    33 ||    63
Dodge: Dodged            |    11 |    11 |    10 |    19 ||    51
Block: Kite shield       |    19 |    19 |    14 |    38 ||    90
       Rpst.: Long sword |     6 |     1 |       |       ||     7
       Scimitar          |       |     5 |       |     8 ||    13

Table legend: (Time is in decaauts)
 A = Elapsed time spent in this place.
 B = Non-inter-level travel time spent in this place.
 C = Inter-level travel time spent in this place.
 D = Time resting spent in this place.
 E = Time spent auto-exploring this place.
 F = Levels seen in this place.
 G = Mean time per level.
                   A        B        C        D        E       F      G
               +--------+--------+--------+--------+--------+-----+--------+
         Total |   1478 |   1478 |      0 |    715 |    175 |   1 | 1478.0 |
       Dungeon |   1478 |   1478 |      0 |    715 |    175 |   1 | 1478.0 |
               +--------+--------+--------+--------+--------+-----+--------+

Top non-repeatable levels by time:
       D: 1478 daAuts
